 Dungeon Crawl Stone Soup version 0.31-a0-543-geaa9c7a2c0 (webtiles) character file.

Game seed: 2717267740862853936

3788 AdnanSaban the Basher (level 10, -1/63 HPs)
             Began as a Gargoyle Fighter on Aug 15, 2023.
             Was a Believer of Okawaru.
             Killed from afar by a starcursed mass (8 damage)
             ... with an accursed screaming
             ... on level 2 of the Abyss.
             The game lasted 00:14:32 (9061 turns).

AdnanSaban the Basher (Gargoyle Fighter)            Turns: 9061, Time: 00:14:33

Health: -1/63      AC: 30    Str: 25    XL:     10   Next: 16%
Magic:  10/10      EV: 22    Int:  4    God:    Okawaru [**....]
Gold:   337        SH:  5    Dex: 15    Spells: 9/9 levels left

rFire   . . .        N - +0 morningstar
rCold   . . .        c - +0 buckler
rNeg    + . .        x - +4 plate armour
rPois   ∞            q - +2 helmet
rElec   +            (no cloak)
rCorr   .            v - +0 pair of gloves
SInv    .            J - +0 pair of boots
Will    .....        j - amulet of the acrobat Stlth
                     n - +6 ring of dexterity
HPRegen 0.30/turn    C - ring of flight
MPRegen 0.12/turn

%: acrobat
@: acrobatic, flying
A: sickness immunity, AC +7, negative energy resistance 1, electricity
resistance, torment resistance 1, petrification resistance, [dopey 2],
([teleportitis 2])
a: Renounce Religion, Heroism


You were on level 2 of the Abyss.
You worshipped Okawaru.
Okawaru was pleased with you.
You visited 2 branches of the dungeon, and saw 10 of its levels.
You visited the Abyss 1 time.

You collected 337 gold pieces.

Inventory:

Hand Weapons
 N - a +0 morningstar (weapon)
Missiles
 r - 5 javelins
 u - 4 atropa-tipped darts
 w - 17 poisoned darts (quivered)
 y - 3 boomerangs
Armour
 c - a +0 buckler (worn)
 q - a +2 helmet (worn)
 v - a +0 pair of gloves (worn)
 x - a +4 plate armour (worn)
 J - a +0 pair of boots (worn)
Jewellery
 j - an amulet of the acrobat (around neck)
 k - a ring of ice
 n - a +6 ring of dexterity (left hand)
 C - a ring of flight (right hand)
 H - a +6 ring of intelligence
 K - a ring of fire
 M - a +6 ring of intelligence
Wands
 a - a wand of flame (13)
 o - a wand of roots (21)
 E - a wand of mindburst (19)
Scrolls
 f - 6 scrolls of identify {unknown}
 h - 3 scrolls of noise {unknown}
 l - 4 scrolls of enchant armour {unknown}
 p - 2 scrolls of teleportation {unknown}
 s - 2 scrolls of blinking {unknown}
 B - a scroll of enchant weapon {unknown}
 D - 3 scrolls of amnesia {unknown}
 F - 2 scrolls of immolation {unknown}
 G - 3 scrolls of poison {unknown}
Potions
 b - 4 potions of attraction {unknown}
 d - 2 potions of might
 e - 5 potions of ambrosia {unknown}
 g - 2 potions of heal wounds {unknown}
 i - a potion of cancellation {unknown}
 m - 2 potions of brilliance {unknown}
 t - a potion of degeneration {unknown}
 z - 2 potions of mutation {unknown}
 A - 2 potions of curing {unknown}
 I - a potion of resistance {unknown}
 L - a potion of lignification {unknown}
 O - a potion of berserk rage {unknown}


   Skills:
 + Level 7.5 Fighting
 + Level 10.3 Maces & Flails
 + Level 0.5 Throwing
 + Level 7.7 Armour
 + Level 1.4 Dodging
 + Level 1.1 Stealth
 + Level 5.7 Shields


You had 9 spell levels left.
You didn't know any spells.
Your spell library contained the following spells:

 Spells                   Type           Power      Damage    Failure   Level
 Magic Dart               Conj           0%         1d3       100%        1
 Wereblood                Tmut           0%         N/A       100%        2
 Ozocubu's Armour         Ice            0%         N/A       100%        3
 Irradiate                Conj/Tmut      0%         3d11      100%        5
 Metabolic Englaciation   Hex/Ice        0%         N/A       100%        5
 Simulacrum               Ice/Necr       Unusable   N/A       N/A         6

Dungeon Overview and Level Annotations

Branches:
Dungeon (9/15)             Temple (1/1) D:6
   Lair: D:8-11         Orc: D:9-12

Altars:
Ashenzari
Cheibriados
Dithmenos
Elyvilon
Fedhas
Gozag
Hepliaklqana
Kikubaaqudgha
Nemelex Xobeh
Okawaru
Qazlal
Ru
Sif Muna
Trog
Uskayaw
Vehumet
Wu Jian
Xom
Yredelemnul
Zin
The Shining One

Shops:
D:1 :   D:3 *   D:7 [

Annotations:
D:6 1 runed translucent door, Crazy Yiuf
D:9 3 runed translucent doors, Erolcha; Maggie; lis82's ghost, novice DgAE


Innate Abilities, Weirdness & Mutations

You are immune to sickness and miasma.
Your stone body is resilient. (AC +7)
You are immune to poison.
You resist negative energy. (rN+)
You are resistant to electric shocks. (rElec)
You are resistant to unholy torment.
You are immune to petrification.
[You are very dopey. (Int -4)]
[((You are often teleported next to monsters.))]


Message History

You are too injured to fight recklessly!
You are too injured to fight recklessly!
You are too injured to fight recklessly!
You are too injured to fight recklessly!
You are too injured to fight recklessly!
You are too injured to fight recklessly!
You are too injured to fight recklessly!
You are too injured to fight recklessly!
You are too injured to fight recklessly!
You are too injured to fight recklessly!
You are too injured to fight recklessly!
You are too injured to fight recklessly!
You are too injured to fight recklessly!
You are too injured to fight recklessly!
You are too injured to fight recklessly!
You are too injured to fight recklessly!
You are too injured to fight recklessly!
You are too injured to fight recklessly!
Unknown command.
You sock the starcursed mass!
The starcursed mass is almost destroyed.
The starcursed mass shudders and is absorbed by its neighbour.
A starcursed mass splits.
A chorus of shrieks assaults your mind.
The wretched star pulses with an eldritch light!
You feel stupid. x2
A starcursed mass splits.
A chorus of shrieks assaults your mind.
* * * LOW HITPOINT WARNING * * *
You hit the starcursed mass but do no damage.
The starcursed mass is severely damaged.
Unknown command.
The wretched star pulses with an eldritch light!
You feel weirdly uncertain.
You feel even more weirdly uncertain. A chorus of shrieks assaults your mind.
* * * LOW HITPOINT WARNING * * *
A starcursed mass splits.
A starcursed mass splits.
A chorus of shrieks assaults your mind.
You die... .. #... .. . # . ###...### .. #. ##.......# .#.# ##.#. #.# .X.#.#.#.###.# #XX

#.#.#.#.#..
#*X##.X##...#
#.#X....#
##.##.#@##
#..####..#
##..# #.# ###
##


You could see 2 starcursed masses.

Vanquished Creatures
  Pikel (D:9)
  2 hornets
  A shadow (D:9)
  A wraith (D:9)
  A steam dragon (D:9)
  Menkaure (D:6)
  A black bear (D:5)
  An ice beast (D:7)
  An ogre (D:4)
  2 centaurs
  A phantom (D:6)
  2 kobold brigands
  Blork the orc (D:6)
  2 bullfrogs
  2 scorpions
  3 wights (D:7)
  3 killer bees (D:9)
  A howler monkey (D:8)
  4 hounds
  7 orc priests
  2 jellies (D:5)
  A gnoll bouda (D:5)
  6 iguanas
  2 sleepcaps
  6 orc wizards
  A hound zombie (D:3)
  A hound skeleton (D:3)
  Robin (D:4)
  6 gnolls
  7 adders
  A white imp (D:7)
  An ufetubus (D:4)
  2 worms
  A dart slug (D:4)
  37 orcs
  12 endoplasms
  3 giant cockroaches
  11 goblins
  12 hobgoblins
  3 jackals
  10 kobolds
  4 quokkas
  5 ball pythons
  7 bats
  5 frilled lizards
  A giant cockroach zombie (D:3)
  8 rats
194 creatures vanquished.

Notes
Turn   | Place    | Note
-------+----------+-------------------------------------------
     0 | D:1      | AdnanSaban the Gargoyle Fighter began the quest for the
                  | Orb.
     0 | D:1      | Reached XP level 1. HP: 14/14 MP: 1/1
    93 | D:1      | Found Eluk's Vocational Training.
   223 | D:1      | Reached XP level 2. HP: 19/19 MP: 2/2
   553 | D:1      | Reached XP level 3. HP: 24/24 MP: 3/3
   925 | D:2      | Found a sparkling altar of Nemelex Xobeh.
  1133 | D:2      | Identified the +6 spear of Wyrd {heavy, Str+2}
  1394 | D:2      | Reached skill level 3 in Maces & Flails
  1394 | D:2      | Reached XP level 4. HP: 29/29 MP: 4/4
  1793 | D:3      | Reached XP level 5. HP: 27/33 MP: 5/5
  1853 | D:3      | Found Weghirat's Assorted Antiques.
  2088 | D:3      | Found a faded altar of an unknown god.
  2128 | D:3      | Reached skill level 4 in Maces & Flails
  2422 | D:4      | Reached XP level 6. HP: 39/39 MP: 6/6
  2712 | D:4      | Noticed Robin
  2725 | D:4      | Reached skill level 5 in Maces & Flails
  2745 | D:4      | Killed Robin
  2850 | D:4      | Reached XP level 7. HP: 39/44 MP: 7/7
  3346 | D:5      | Entered Level 5 of the Dungeon
  4030 | D:5      | Reached skill level 5 in Armour
  4066 | D:4      | Reached skill level 6 in Maces & Flails
  4316 | D:5      | Reached skill level 5 in Fighting
  4648 | D:5      | Reached XP level 8. HP: 27/49 MP: 8/8
  4893 | D:6      | Noticed Menkaure
  4905 | D:6      | Killed Menkaure
  4926 | D:6      | Identified the +4 scale mail of Integrity {Will+ rCorr
                  | Str-2}
  5002 | D:6      | Reached skill level 7 in Maces & Flails
  5015 | D:6      | Found a hide-covered altar of Uskayaw.
  5023 | D:6      | Noticed Blork the orc
  5041 | D:6      | Killed Blork the orc
  5140 | D:6      | Found a glowing silver altar of Zin.
  5150 | D:6      | Found a sacrificial altar of Ru.
  5150 | D:6      | Found a glowing golden altar of the Shining One.
  5161 | D:6      | Found a hazy altar of Hepliaklqana.
  5164 | D:6      | Found a shadowy altar of Dithmenos.
  5227 | D:6      | Found a staircase to the Ecumenical Temple.
  5311 | D:6      | Found a runed translucent door.
  5312 | D:6      | Noticed Crazy Yiuf
  5483 | Temple   | Entered the Ecumenical Temple
  5493 | Temple   | Became a worshipper of Warmaster Okawaru
  6077 | D:7      | Found an ancient bone altar of Kikubaaqudgha.
  6079 | D:7      | Found a shimmering blue altar of Sif Muna.
  6082 | D:7      | Found a radiant altar of Vehumet.
  6087 | D:7      | Got Vehumet's Omnibus of Injury
  6227 | D:7      | Noticed a hornet
  6241 | D:7      | Killed a hornet
  6242 | D:7      | Reached skill level 8 in Maces & Flails
  6242 | D:7      | Reached skill level 1 in Dodging
  6242 | D:7      | Reached skill level 5 in Shields
  6242 | D:7      | Reached XP level 9. HP: 55/55 MP: 9/9
  6270 | D:7      | Reached * piety under Okawaru
  6772 | D:7      | Found Kodghoyc's Antique Armour Shoppe.
  7129 | D:8      | Identified the +3 mace of Hospitality {flame, Str+3 Stlth+}
  7219 | D:8      | Identified the +3 longbow of Sulphur {freeze, Str+3 Dex-4
                  | SInv}
  7501 | D:8      | Reached skill level 9 in Maces & Flails
  7720 | D:9      | Found a blossoming altar of Fedhas.
  8004 | D:9      | Noticed Maggie
  8131 | D:9      | Reached ** piety under Okawaru
  8234 | D:9      | Noticed Erolcha
  8308 | D:9      | Noticed a freezing wraith
  8308 | D:9      | Noticed lis82's ghost (novice DgAE)
  8316 | D:9      | Found a runed translucent gate.
  8316 | D:9      | Found a runed translucent gate.
  8386 | D:9      | Found a runed translucent gate.
  8486 | D:9      | Noticed Pikel
  8486 | D:9      | Noticed a hornet
  8506 | D:9      | Killed a hornet
  8510 | D:9      | Killed Pikel
  8511 | D:9      | Reached skill level 10 in Maces & Flails
  8511 | D:9      | Reached skill level 1 in Stealth
  8511 | D:9      | Reached XP level 10. HP: 37/63 MP: 10/10
  8881 | Abyss:1  | Cast into level 1 of the Abyss (Erolcha)
  8882 | Abyss:1  | Found a corrupted altar of Lugonu.
  8967 | Abyss:1  | Noticed a thrashing horror
  9017 | Abyss:2  | Noticed a starcursed mass
  9052 | Abyss:2  | Noticed a wretched star
  9061 | Abyss:2  | Killed from afar by a starcursed mass

Illustrated notes

Levels and vault maps discovered:
D:1:      shiori_arrival_elements, layout_loops_ring, amcnicky_mini_pool_small,
          nicolae_shop_vocational
D:2:      layout_loops_corners, basic_altar, chequers_serial_rivers_micro_d,
          minmay_indecisive_spiral
D:3:      layout_rooms, ebering_ecumenical_altar_box, serial_shops,
          nicolae_shop_trees, serial_undead, serial_undead_d, serial_undead_a,
          serial_undead_f, serial_undead_c, serial_bayou_pond_b
D:4:      layout_basic, uniq_robin
D:5:      layout_gridville
D:6:      layout_cave_pools, eat_drink_and_be_merry_uskayaw,
          minmay_overflow_temple_star_hex, minmay_temple_entry_antechambers,
          uniq_blork_the_orc, uniq_crazy_yiuf_cottage, uniq_menkaure
D:7:      layout_loops_cross, grunt_temple_overflow_magic_moments, serial_shops,
          shop, chequers_serial_rivers_micro_a
D:8:      layout_loops_ring
D:9:      minmay_general_purpose_star, layout_loops_ring, fedhas_altar_2,
          gammafunk_ghost_split, uniq_pikel, uniq_erolcha, uniq_maggie
Temple:   chequers_temple_sunken
Abyss:2:  base:
D:9

Skill      XL: |  1  2  3  4  5  6  7  8  9 |
---------------+----------------------------+-----
Maces & Flails | 3 4 5 6 8 10 | 10.3
Fighting       | 4 5 6 7 |  7.5
Armour         | 4 5 6 7 |  7.7
Shields        | 4 5 |  5.7
Dodging        | 1 |  1.4
Stealth        | 1 |  1.1
Throwing       | |  0.5

Action                     |  1- 3 |  4- 6 |  7- 9 | 10-12 || total
---------------------------+-------+-------+-------+-------++-------
  Melee: Flail             |   116 |   276 |   352 |       ||   744
         Mace              |       |       |    55 |       ||    55
         Morningstar       |       |       |    27 |    30 ||    57
  Throw: Javelin           |       |       |     4 |       ||     4
         Dart              |       |       |     1 |     3 ||     4
 Armour: Scale mail        |    65 |    40 |       |       ||   105
         Plate armour      |       |   131 |   280 |     9 ||   420
  Dodge: Dodged            |    68 |   113 |   228 |    11 ||   420
  Block: Buckler           |    31 |    56 |   113 |     2 ||   202

Table legend: (Time is in decaauts)
 A = Elapsed time spent in this place.
 B = Non-inter-level travel time spent in this place.
 C = Inter-level travel time spent in this place.
 D = Time resting spent in this place.
 E = Time spent auto-exploring this place.
 F = Levels seen in this place.
 G = Mean time per level.
                   A        B        C        D        E       F      G
               +--------+--------+--------+--------+--------+-----+--------+
         Total |   9206 |   8445 |    761 |    274 |   5950 |  12 |  767.2 |
       Dungeon |   9004 |   8262 |    742 |    231 |   5909 |   9 | 1000.4 |
        Temple |     21 |      2 |     19 |      0 |      0 |   1 |   21.0 |
         Abyss |    179 |    179 |      0 |     43 |     41 |   2 |   89.5 |
               +--------+--------+--------+--------+--------+-----+--------+

Top non-repeatable levels by time:
     D:4: 1474 daAuts
     D:5: 1187 daAuts
     D:9: 1107 daAuts
     D:6: 1087 daAuts
     D:2: 1037 daAuts
     D:7: 1019 daAuts
     D:1: 806 daAuts
     D:8: 707 daAuts
     D:3: 578 daAuts
 Abyss:1: 96 daAuts
 Abyss:2: 83 daAuts
  Temple: 21 daAuts
